 Seeded DCSS version 0.29.1-15-g9cfb28693d (webtiles) character file.

Game seed: 1 (custom seed)

138 Kazon the Covered (level 5, -2/42 HPs)
             Began as a Barachi Fighter on Apr 6, 2023.
             Slain by an orc priest
             ... wielding a +0 flail
              (4 damage)
             ... on level 3 of the Dungeon.
             The game lasted 00:07:29 (1916 turns).

Kazon the Covered (Barachi Fighter)                 Turns: 1916, Time: 00:07:29

Health: -2/42      AC: 11    Str: 23    XL:     5   Next: 21%
Magic:  5/5        EV: 10    Int: 11    God:
Gold:   193        SH:  5    Dex: 15    Spells: 4/4 levels left

rFire   . . .      SeeInvis .   e - +2 dagger (venom)
rCold   . . .      Faith    .   c - +0 buckler
rNeg    . . .      Spirit   .   m - +0 scale mail
rPois   .          Reflect  .   l - +0 helmet
rElec   .          Harm     .   (no cloak)
rCorr   .          Rampage  .   (no gloves)
Will    +....                   n - +2 pair of boots
Stlth   ..........              g - amulet of the acrobat
HPRegen 0.14/turn               f - ring "Xucaicuh" {Will+ Str+6 Dex+4}
MPRegen 0.09/turn               (no ring)

@: slow
A: amphibious, slowness 1, strong legs 1, +LOS
a: Hop


You were on level 3 of the Dungeon.
You visited 1 branch of the dungeon, and saw 3 of its levels.

You collected 193 gold pieces.

Inventory:

Hand Weapons
 a - a +0 long sword
 e - a +2 dagger of venom (weapon)
Missiles
 j - 4 stones
 q - a throwing net
 r - 2 boomerangs (quivered)
Armour
 c - a +0 buckler (worn)
 l - a +0 helmet (worn)
 m - a +0 scale mail (worn)
 n - a +2 pair of boots (worn)
Jewellery
 f - the ring "Xucaicuh" (left hand) {Will+ Str+6 Dex+4}
   (You acquired it on level 1 of the Dungeon)

   [ring of strength]

   Str:       It affects your strength (+6).
   Dex:       It affects your dexterity (+4).
   Will:      It increases your willpower.
 g - an amulet of the acrobat (around neck)
Scrolls
 i - 2 scrolls of identify {unknown}
 o - a scroll of immolation {unknown}
 s - a scroll of fog {unknown}
Potions
 b - 2 potions of berserk rage {unknown}
 d - a potion of might
 h - a potion of flight {unknown}
 k - a potion of attraction {unknown}
 p - a potion of haste {unknown}


   Skills:
 + Level 4.0 Fighting
 + Level 0.5(2.3) Short Blades
 + Level 4.0 Long Blades
 + Level 0.5 Throwing
 + Level 4.2 Armour
 + Level 1.8 Dodging
 + Level 0.2 Stealth
 + Level 4.0 Shields


You had 4 spell levels left.
You didn't know any spells.
Your spell library contained the following spells:

 Spells                   Type           Power      Damage    Failure   Level
 Apportation              Tloc           0%         N/A       75%         1
 Necrotise                Necr           0%         1d4       75%         1
 Sting                    Tmut/Pois      0%         1d3       75%         1
 Summon Small Mammal      Summ           0%         N/A       75%         1
 Poisonous Vapours        Pois/Air       0%         N/A       86%         2
 Olgreb's Toxic Radiance  Pois           0%         N/A       100%        4


Dungeon Overview and Level Annotations

Branches:
Dungeon (3/15)

Altars:

Shops:
D:3 (


Innate Abilities, Weirdness & Mutations

You are amphibious.
You cover ground slowly.
You can hop short distances.
You have an extended range of vision and can be seen from far away.


Message History

The orc is moderately wounded.
You block the orc's attack.
The orc priest invokes the aid of Beogh against you.
Beogh smites you!
You hit the orc.
The orc is heavily wounded.
The orc hits you with a +0 mace.
You hit the orc.
You kill the orc!
You hit the orc.
The orc is lightly wounded.
The orc hits you with a +0 club.
You hit the orc.
The orc is heavily wounded.
The orc barely misses you.
You hit the orc.
You kill the orc!
You closely miss the orc. You block the orc's attack.
You barely miss the orc.
The orc hits you with a +1 dagger of holy wrath.
The orc priest invokes the aid of Beogh against you.
Beogh smites you!
* * * LOW HITPOINT WARNING * * *
You hit the orc but do no damage.
The orc is poisoned.
You block the orc's attack.
The orc priest calls upon Beogh to heal the orc.
The orc's wounds heal themselves!
You closely miss the orc. The orc hits you but does no damage.
You barely miss the orc.
The orc hits you with a +1 dagger of holy wrath.
* * * LOW HITPOINT WARNING * * *
You hit the orc.
The orc looks as sick as possible!
The orc is almost dead.
You kill the orc!
The orc throws a boomerang.
The boomerang hits you but does no damage.
You hit the orc priest.
The orc priest is poisoned.
The orc priest is severely wounded.
The orc priest hits you with a +0 flail.
You die...

#.# #........###.###.
########...............
#...........#######
#...........#
###########.# #.#
###### #.# .......##.##
......oo@..#
.......##.......#
...... #...###.. .#...
##.># .... #... .#.
#### .. .


You could see an orc priest (very poisoned) and an orc.

Vanquished Creatures
  Robin (D:3)
  3 gnolls (D:2)
  4 adders
  A worm (D:2)
  3 orcs (D:3)
  8 endoplasms
  A giant cockroach (D:1)
  13 goblins
  7 hobgoblins
  2 kobolds
  A quokka (D:1)
  2 ball pythons (D:2)
  3 bats
  3 frilled lizards
  3 rats (D:1)
55 creatures vanquished.

Notes
Turn   | Place    | Note
-------+----------+-------------------------------------------
     0 | D:1      | Kazon the Barachi Fighter began the quest for the Orb.
     0 | D:1      | Reached XP level 1. HP: 18/18 MP: 1/1
    45 | D:1      | Identified a scroll of acquirement
    45 | D:1      | Acquired the ring "Xucaicuh" {Will+ Str+6 Dex+4}
   230 | D:1      | Reached XP level 2. HP: 20/24 MP: 2/2
   580 | D:1      | Reached skill level 1 in Dodging
   826 | D:2      | Reached XP level 3. HP: 29/30 MP: 3/3
  1380 | D:2      | Reached XP level 4. HP: 29/37 MP: 4/4
  1667 | D:3      | Found Umat's Antique Weapon Boutique.
  1867 | D:3      | Noticed Robin
  1875 | D:3      | Killed Robin
  1876 | D:3      | Reached XP level 5. HP: 41/42 MP: 5/5
  1914 | D:3      | HP: 2/42 [orc/+1 dagger of holy wrath (5)]
  1916 | D:3      | Slain by an orc priest

Illustrated notes

Levels and vault maps discovered:
D:1:      dpeg_arrival_three_smaller_balls, layout_basic
D:2:      layout_loops_ring
D:3:      layout_basic, serial_shops, nicolae_shop_stone, st_stairs_9,
          minmay_misc_feat_doors, eino_curves_03, uniq_robin

Skill      XL: |  1  2  3  4  5 |
---------------+----------------+-----
Armour         | 4 |  4.2
Dodging        | 1 |  1.8
Long Blades    | 3 4 |  4.0
Fighting       | 4 |  4.0
Shields        | 4 |  4.0
Short Blades   | |  0.5
Throwing       | |  0.5
Stealth        | |  0.2

Action                   |  1- 3 |  4- 6 || total
-------------------------+-------+-------++-------
Melee: Long sword        |    96 |       ||    96
       Dagger            |    12 |    86 ||    98
Throw: Stone             |     3 |    19 ||    22
       Boomerang         |       |     7 ||     7
  Use: Scroll            |     1 |       ||     1
Armor: Scale mail        |    57 |    24 ||    81
Dodge: Dodged            |    54 |    35 ||    89
Block: Buckler           |    36 |    17 ||    53
